SA
SYRACUSE STORM @ BELLEVUE BRUINS
07/14/2031
 
TOP OF THE 1ST
Syracuse Storm batting - Pitching for Bellevue Bruins : RHP Scott Morrison
Pitching: RHP Scott Morrison
Batting: LHB Ed Gordon 0-0: SINGLE (Groundball, 4D)
Batting: LHB Phil Beck 0-0: Ball
1-0: Fielders Choice at 2nd, 4-6 (Groundball, 34)
Batting: LHB Salvador Ramírez 0-0: Ball
1-0: Foul Ball, location: 2F
1-1: Ball
2-1: Grounds into double play, 4-6-3 (Groundball, 4M)
Top of the 1st over - 0 runs, 1 hit, 0 errors, 0 left on base; Syracuse 0 - Bellevue 0
BOTTOM OF THE 1ST
Bellevue Bruins batting - Pitching for Syracuse Storm : RHP Jack Joyner
Pitching: RHP Jack Joyner
Batting: RHB Félix Sánchez 0-0: Ball
1-0: Called Strike
1-1: Ball
2-1: Foul Ball, location: 2F
2-2: Ball
3-2: Foul Ball, location: 2F
3-2: Foul Ball, location: 2F
3-2: Reached on error, E5 (Groundball, 56S)
Batting: SHB Julián Valentín 0-0: Called Strike
Félix Sánchez is caught stealing 3rd base
0-1: Ball
1-1: Ground out 4-3 (Groundball, 4)
Batting: LHB Vicente Gonzáles 0-0: Ball
1-0: Foul Ball, location: 2F
1-1: Ball
2-1: Ball
3-1: Base on Balls
Batting: RHB Oki Hai 0-0: Ball
1-0: SINGLE (Line Drive, 4)
Vicente Gonzáles to second
Batting: RHB Gil Andersen 0-0: Ball
1-0: 3-RUN HOME RUN (Flyball, 7LD), Distance : 362 ft
Batting: RHB Edgar Rogers 0-0: Ball
1-0: Foul Ball, location: 2F
1-1: Ball
2-1: Called Strike
2-2: Strikes out swinging
Bottom of the 1st over - 3 runs, 2 hits, 1 error, 0 left on base; Syracuse 0 - Bellevue 3
TOP OF THE 2ND
Syracuse Storm batting - Pitching for Bellevue Bruins : RHP Scott Morrison
Batting: LHB Bora Garasanin 0-0: Called Strike
0-1: Called Strike
0-2: Fly out, F7 (Flyball, 78S)
Batting: RHB Dave Maxwell 0-0: Ball
1-0: Ball
2-0: Called Strike
2-1: Fly out, F8 (Flyball, 8RM)
Batting: RHB José García 0-0: Called Strike
0-1: Ball
1-1: Fly out, F2 (Popup, 25F)
Top of the 2nd over - 0 runs, 0 hits, 0 errors, 0 left on base; Syracuse 0 - Bellevue 3
BOTTOM OF THE 2ND
Bellevue Bruins batting - Pitching for Syracuse Storm : RHP Jack Joyner
Batting: RHB Jesús González 0-0: Called Strike
0-1: Swinging Strike
0-2: Foul Ball, location: 2F
0-2: Ball
1-2: Ball
2-2: Strikes out swinging
Batting: SHB José Tirado 0-0: Ball
1-0: Ball
2-0: Called Strike
2-1: Ball
3-1: Called Strike
3-2: Strikes out swinging
Batting: SHB Paul Maddox 0-0: Ball
1-0: Swinging Strike
1-1: Called Strike
1-2: Ball
2-2: Ball
3-2: Strikes out swinging
Bottom of the 2nd over - 0 runs, 0 hits, 0 errors, 0 left on base; Syracuse 0 - Bellevue 3
TOP OF THE 3RD
Syracuse Storm batting - Pitching for Bellevue Bruins : RHP Scott Morrison
Batting: RHB Javier Sandoval 0-0: Ball
1-0: Ball
2-0: Ball
3-0: Base on Balls
Batting: SHB Franck Kooijmans 0-0: Ball
1-0: Foul Ball, location: 2F
1-1: Ball
2-1: SINGLE (Groundball, 6MS) (infield hit)
Javier Sandoval to second
Batting: RHB Nelson Morán 0-0: Called Strike
0-1: Ball
1-1: Foul Ball, location: 2F
1-2: Ball
2-2: Ball
3-2: Foul Ball, location: 2F
3-2: Foul Ball, location: 2F
3-2: Foul Ball, location: 2F
3-2: Base on Balls
Javier Sandoval to third
Franck Kooijmans to second
Batting: LHB Ed Gordon 0-0: Ball
1-0: Called Strike
1-1: Foul Ball, location: 2F
1-2: Foul Ball, location: 2F
1-2: Foul Ball, location: 2F
1-2: Strikes out looking
Batting: LHB Phil Beck 0-0: Grounds into double play, 6-4-3 (Groundball, 6)
Top of the 3rd over - 0 runs, 1 hit, 0 errors, 2 left on base; Syracuse 0 - Bellevue 3
BOTTOM OF THE 3RD
Bellevue Bruins batting - Pitching for Syracuse Storm : RHP Jack Joyner
Batting: RHB Félix Sánchez 0-0: Fly out, F4 (Line Drive, 4)
Batting: SHB Julián Valentín 0-0: Foul Ball, location: 2F
0-1: Swinging Strike
0-2: Ball
1-2: Ball
2-2: Ball
3-2: Strikes out looking
Batting: LHB Vicente Gonzáles 0-0: Called Strike
0-1: Foul Ball, location: 2F
0-2: DOUBLE (Flyball, 8RXD)
Batting: RHB Oki Hai 0-0: Ball
1-0: Ball
2-0: Foul Ball, location: 2F
2-1: Fly out, F8 (Flyball, 8LM)
Bottom of the 3rd over - 0 runs, 1 hit, 0 errors, 1 left on base; Syracuse 0 - Bellevue 3
TOP OF THE 4TH
Syracuse Storm batting - Pitching for Bellevue Bruins : RHP Scott Morrison
Batting: LHB Salvador Ramírez 0-0: SINGLE (Line Drive, 34)
Batting: LHB Bora Garasanin 0-0: Ball
Salvador Ramírez steals 2nd base
1-0: Swinging Strike
1-1: Called Strike
1-2: Strikes out swinging
Batting: RHB Dave Maxwell 0-0: Foul Ball, location: 2F
0-1: Ball
1-1: Ground out 6-3 (Groundball, 6)
Batting: RHB José García 0-0: Foul Ball, location: 2F
0-1: Ball
1-1: DOUBLE (Line Drive, 9LM)
Salvador Ramírez scores
Batting: RHB Javier Sandoval 0-0: Ball
1-0: Foul Ball, location: 2F
1-1: Ball
2-1: Ball
3-1: Called Strike
3-2: Base on Balls
Batting: SHB Franck Kooijmans 0-0: Called Strike
0-1: Swinging Strike
0-2: Foul Ball, location: 2F
0-2: Ball
1-2: Ball
2-2: Foul Ball, location: 2F
2-2: Fly out, F8 (Flyball, 78M)
Top of the 4th over - 1 run, 2 hits, 0 errors, 2 left on base; Syracuse 1 - Bellevue 3
BOTTOM OF THE 4TH
Bellevue Bruins batting - Pitching for Syracuse Storm : RHP Jack Joyner
Batting: RHB Gil Andersen 0-0: Ground out 1-3 (Groundball, 13S)
Batting: RHB Edgar Rogers 0-0: Called Strike
0-1: Ball
1-1: Ball
2-1: Foul Ball, location: 2F
2-2: Ball
3-2: Fly out, F7 (Line Drive, 78M)
Batting: RHB Jesús González 0-0: Ball
1-0: Foul Ball, location: 2F
1-1: Foul Ball, location: 2F
1-2: Foul Ball, location: 2F
1-2: Foul Ball, location: 2F
1-2: Ground out 6-3 (Groundball, 6S)
Bottom of the 4th over - 0 runs, 0 hits, 0 errors, 0 left on base; Syracuse 1 - Bellevue 3
TOP OF THE 5TH
Syracuse Storm batting - Pitching for Bellevue Bruins : RHP Scott Morrison
Batting: RHB Nelson Morán 0-0: Called Strike
0-1: Fly out, F8 (Flyball, 78D)
Batting: LHB Ed Gordon 0-0: Swinging Strike
0-1: Ball
1-1: DOUBLE (Line Drive, 9LM)
Batting: LHB Phil Beck 0-0: Ball
1-0: Ball
Ed Gordon steals 3rd base
2-0: Called Strike
2-1: Ball
3-1: Swinging Strike
3-2: Fly out, F8 (Flyball, 89M)
Runner from 3rd tags up, SCORES, throw made
Batting: LHB Salvador Ramírez 0-0: Ball
1-0: Called Strike
1-1: DOUBLE (Line Drive, 9D)
Batting: LHB Bora Garasanin 0-0: Called Strike
0-1: Ball
1-1: Foul Ball, location: 2F
1-2: Ball
2-2: Foul Ball, location: 2F
2-2: Ball
3-2: Base on Balls
Batting: RHB Dave Maxwell 0-0: Ball
1-0: SINGLE (Line Drive, 78S)
Salvador Ramírez to third
Bora Garasanin to second
Runner from 3rd tries for Home, SAFE, no throw
Batting: RHB José García 0-0: Ball
1-0: Ground out 3-1 (Groundball, 34)
Top of the 5th over - 2 runs, 3 hits, 0 errors, 2 left on base; Syracuse 3 - Bellevue 3
BOTTOM OF THE 5TH
Bellevue Bruins batting - Pitching for Syracuse Storm : RHP Jack Joyner
Batting: SHB José Tirado 0-0: Called Strike
0-1: Foul Ball, location: 2F
0-2: Strikes out swinging
Batting: SHB Paul Maddox 0-0: Ball
1-0: Ball
2-0: Swinging Strike
2-1: Called Strike
2-2: SINGLE (Line Drive, 7LM)
Batting: RHB Félix Sánchez 0-0: Reached on error, E4 (Groundball, 4)
Paul Maddox to second
Batting: SHB Julián Valentín 0-0: Foul Ball, location: 2F
0-1: SINGLE (Line Drive, 8LS)
Paul Maddox to third
Félix Sánchez to second
Batting: LHB Vicente Gonzáles 0-0: Ball
1-0: Ball
Wild Pitch!
Paul Maddox scores
Félix Sánchez to third
Julián Valentín to second
2-0: Intentional Walk
Batting: RHB Oki Hai 0-0: Swinging Strike
0-1: Called Strike
0-2: Ball
1-2: Ball
2-2: Foul Ball, location: 2F
2-2: Ball
3-2: Strikes out swinging
Batting: RHB Gil Andersen 0-0: Foul Ball, location: 2F
0-1: Ball
1-1: Swinging Strike
1-2: Foul Ball, location: 2F
1-2: Ball
2-2: Ball
3-2: Strikes out swinging
Bottom of the 5th over - 1 run, 2 hits, 1 error, 3 left on base; Syracuse 3 - Bellevue 4
TOP OF THE 6TH
Syracuse Storm batting - Pitching for Bellevue Bruins : RHP Scott Morrison
Batting: RHB Javier Sandoval 0-0: Ground out 5-3 (Groundball, 56S)
Batting: SHB Franck Kooijmans 0-0: Foul Ball, location: 2F
0-1: Ground out 1-3 (Groundball, 13S)
Batting: RHB Nelson Morán 0-0: Swinging Strike
0-1: Ball
1-1: Called Strike
1-2: Ball
2-2: SINGLE (Groundball, 6MD)
Batting: LHB Ed Gordon 0-0: Ground out U3 (Groundball, 3)
Top of the 6th over - 0 runs, 1 hit, 0 errors, 1 left on base; Syracuse 3 - Bellevue 4
BOTTOM OF THE 6TH
Bellevue Bruins batting - Pitching for Syracuse Storm : RHP Jack Joyner
Batting: RHB Edgar Rogers 0-0: Ball
1-0: Ground out 1-3 (Groundball, 15S)
Batting: RHB Jesús González 0-0: Called Strike
0-1: Ground out 6-3 (Groundball, 6)
Batting: SHB José Tirado 0-0: Ball
1-0: Swinging Strike
1-1: Swinging Strike
1-2: Ground out 6-3 (Groundball, 6)
Bottom of the 6th over - 0 runs, 0 hits, 0 errors, 0 left on base; Syracuse 3 - Bellevue 4
TOP OF THE 7TH
Syracuse Storm batting - Pitching for Bellevue Bruins : RHP Scott Morrison
Batting: LHB Phil Beck 0-0: Ball
1-0: Called Strike
1-1: Ground out 6-3 (Groundball, 6)
Batting: LHB Salvador Ramírez 0-0: Ball
1-0: Ball
2-0: Called Strike
2-1: Fly out, F8 (Flyball, 8LS)
Batting: LHB Bora Garasanin 0-0: SINGLE (Groundball, 4MD)
Batting: RHB Dave Maxwell 0-0: Called Strike
0-1: Ball
1-1: Foul Ball, location: 2F
1-2: Foul Ball, location: 2F
1-2: Ball
2-2: Foul Ball, location: 2F
2-2: Ball
3-2: SINGLE (Groundball, 34D)
Bora Garasanin to second
Bora Garasanin to third
Batting: RHB José García 0-0: Fielders Choice at 2nd, 5-4 (Groundball, 56)
Top of the 7th over - 0 runs, 2 hits, 0 errors, 2 left on base; Syracuse 3 - Bellevue 4
BOTTOM OF THE 7TH
Bellevue Bruins batting - Pitching for Syracuse Storm : RHP Jack Joyner
Batting: SHB Paul Maddox 0-0: Called Strike
0-1: Ball
1-1: Ball
2-1: Ball
3-1: Foul Ball, location: 2F
3-2: SINGLE (Groundball, 34) (infield hit)
Pitching: RHP José Trejo
Batting: RHB Félix Sánchez 0-0: Bunted foul
0-1: Sac Bunt - play at first, batter OUT! 5-4
Paul Maddox to second
Batting: SHB Julián Valentín 0-0: Ball
1-0: Ball
2-0: Ball
3-0: Called Strike
3-1: Called Strike
3-2: Fly out, F9 (Flyball, 9LM)
Batting: LHB Vicente Gonzáles 0-0: Ball
1-0: Ball
2-0: Ball
3-0: Base on Balls
Batting: RHB Oki Hai 0-0: Ball
1-0: Foul Ball, location: 2F
1-1: Ball
2-1: Foul Ball, location: 2F
2-2: Ball
3-2: Foul Ball, location: 2F
3-2: Strikes out swinging
Bottom of the 7th over - 0 runs, 1 hit, 0 errors, 2 left on base; Syracuse 3 - Bellevue 4
TOP OF THE 8TH
Syracuse Storm batting - Pitching for Bellevue Bruins : RHP Scott Morrison
Now at 1B: Todd Albrecht
Batting: RHB Javier Sandoval 0-0: Ball
1-0: Foul Ball, location: 2F
1-1: Foul Ball, location: 2F
1-2: DOUBLE (Line Drive, 89D)
Pinch Hitting: LHB Seung-min Sin 0-0: Foul Ball, location: 2F
0-1: Foul Ball, location: 2F
0-2: Ball
1-2: SINGLE (Line Drive, 6MD)
Javier Sandoval to third
Batting: RHB Nelson Morán 0-0: Called Strike
0-1: Swinging Strike
0-2: Ball
1-2: Ball
2-2: Fly out, F6 (Popup, 4M)
Batting: LHB Ed Gordon 0-0: Fielders Choice at 2nd, 4-6 (Groundball, 4)
Javier Sandoval scores
Batting: LHB Phil Beck 0-0: Ball
1-0: Swinging Strike
1-1: SINGLE (Groundball, 6D)
Ed Gordon to second
Batting: LHB Salvador Ramírez 0-0: Ground out U3 (Groundball, 3)
Top of the 8th over - 1 run, 3 hits, 0 errors, 2 left on base; Syracuse 4 - Bellevue 4
BOTTOM OF THE 8TH
Bellevue Bruins batting - Pitching for Syracuse Storm : RHP José Trejo
Now at SS: Seung-min Sin
Batting: RHB Gil Andersen 0-0: Ground out U3 (Groundball, 3L)
Pinch Hitting: SHB Joel Field 0-0: Called Strike
0-1: Swinging Strike
0-2: Ball
1-2: Ball
2-2: SINGLE (Groundball, 4MD)
Pinch Hitting: SHB Ken Paige 0-0: Ball
1-0: Ball
2-0: Grounds into double play, 6-4-3 (Groundball, 6)
Bottom of the 8th over - 0 runs, 1 hit, 0 errors, 0 left on base; Syracuse 4 - Bellevue 4
TOP OF THE 9TH
Syracuse Storm batting - Pitching for Bellevue Bruins : RHP Scott Morrison
Now at 1B: Ken Paige
Now at 2B: Joel Field
Batting: LHB Bora Garasanin 0-0: Ball
1-0: Ground out 4-3 (Groundball, 4S)
Batting: RHB Dave Maxwell 0-0: Ball
1-0: Called Strike
1-1: Ball
2-1: Called Strike
2-2: Foul Ball, location: 2F
2-2: Foul Ball, location: 2F
2-2: Fly out, F6 (Popup, 6S)
Batting: RHB José García 0-0: Called Strike
0-1: Ball
1-1: Foul Ball, location: 2F
1-2: SINGLE (Line Drive, 7S)
Pinch Hitting: LHB Rafael Longoria 0-0: Ball
1-0: Called Strike
1-1: Ball
2-1: Swinging Strike
2-2: Strikes out swinging
Top of the 9th over - 0 runs, 1 hit, 0 errors, 1 left on base; Syracuse 4 - Bellevue 4
BOTTOM OF THE 9TH
Bellevue Bruins batting - Pitching for Syracuse Storm : RHP José Trejo
Pitching: LHP Peter Ventola
Now at 3B: Adrián Medina
Batting: SHB José Tirado 0-0: Ball
1-0: Foul Ball, location: 2F
1-1: Called Strike
1-2: Ball
2-2: Strikes out swinging
Batting: SHB Paul Maddox 0-0: Called Strike
0-1: Ball
1-1: Ground out 6-3 (Groundball, 6)
Batting: RHB Félix Sánchez 0-0: Foul Ball, location: 2F
0-1: Fly out, F9 (Flyball, 9LSF)
Bottom of the 9th over - 0 runs, 0 hits, 0 errors, 0 left on base; Syracuse 4 - Bellevue 4
TOP OF THE 10TH
Syracuse Storm batting - Pitching for Bellevue Bruins : RHP Scott Morrison
Pitching: RHP Felipe Molina
Batting: LHB Seung-min Sin 0-0: Ball
1-0: Reached on error, E4 (Groundball, 4)
Pinch Runner at 1st Miguel Román:
Batting: RHB Nelson Morán 0-0: Fly out, F9 (Flyball, 9LS)
Batting: LHB Ed Gordon 0-0: Called Strike
0-1: Ball
1-1: Ball
2-1: Ball
3-1: Fly out, F7 (Flyball, 7D)
Runner from 1st tags up, SAFE at 2nd
Batting: LHB Phil Beck 0-0: Ball
1-0: Foul Ball, location: 2F
1-1: Foul Ball, location: 2F
1-2: Foul Ball, location: 2F
1-2: Ball
Wild Pitch!
Miguel Román to third
2-2: Strikes out swinging
Top of the 10th over - 0 runs, 0 hits, 1 error, 1 left on base; Syracuse 4 - Bellevue 4
BOTTOM OF THE 10TH
Bellevue Bruins batting - Pitching for Syracuse Storm : LHP Peter Ventola
Now at SS: Juan Perales
Batting: SHB Julián Valentín 0-0: Called Strike
0-1: SINGLE (Flyball, 3D)
Batting: RHB Todd Albrecht 0-0: Called Strike
0-1: Ball
1-1: Ball
2-1: Fly out, F8 (Flyball, 8LD)
Batting: RHB Oki Hai 0-0: Ball
1-0: Ball
2-0: 2-RUN HOME RUN (Flyball, 78XD), Distance : 432 ft
Tuesday, June 12th, 2018 - OOTP Baseball 18.8 Build 76